 Dungeon Crawl Stone Soup version 0.30-a0-782-ge64f9170bb (webtiles) character file.

Game seed: 8983265645842145675

291 theswoord the Skirmisher (level 6, -6/34 HPs)
             Began as a Deep Elf Hunter on Feb 23, 2023.
             Mangled by Grinder (7 damage)
             ... on level 3 of the Dungeon.
             The game lasted 00:04:05 (1656 turns).

theswoord the Skirmisher (Deep Elf Hunter)          Turns: 1656, Time: 00:04:06

Health: -6/34      AC:  5    Str: 10    XL:     6   Next: 10%
Magic:  8/8        EV: 12    Int: 14    God:
Gold:   70         SH:  0    Dex: 16    Spells: 5/5 levels left

rFire   . . .      SeeInvis +    a - +0 shortbow
rCold   . . .      Faith    .    (shield currently unavailable)
rNeg    + . .      Spirit   .    e - +2 leather armour of Xom's Hope {rN+}
rPois   .          Reflect  .    (no helmet)
rElec   .          Harm     .    (no cloak)
rCorr   .          Rampage  .    (no gloves)
Will    .....                    (no boots)
Stlth   ++                       (no amulet)
HPRegen 0.25/turn                (no ring)
MPRegen 0.11/turn                (no ring)

@: no status effects
A: see invisible, clumsy 1
a: no special abilities


You were on level 3 of the Dungeon.
You visited 1 branch of the dungeon, and saw 3 of its levels.

You collected 70 gold pieces.

Inventory:

Hand Weapons
 a - a +0 shortbow (weapon)
Armour
 c - a +0 leather armour
 e - the +2 leather armour of Xom's Hope (worn) {rN+}
   (You found it on level 2 of the Dungeon)

   rN:        It protects you from negative energy.
Jewellery
 h - a ring of poison resistance
Scrolls
 b - 3 scrolls of immolation
 j - a scroll of teleportation


   Skills:
 - Level 1.5 Fighting
 + Level 9.7 Ranged Weapons
 - Level 2.4 Dodging
 - Level 1.2 Stealth


You had 5 spell levels left.
You didn't know any spells.
Your spell library contained the following spells:

 Spells                   Type           Power      Damage    Failure   Level
 Magic Dart               Conj           0%         1d3       36%         1
 Call Imp                 Summ           0%         N/A       52%         2
 Mephitic Cloud           Conj/Pois/Air  0%         N/A       75%         3
 Portal Projectile        Hex/Tloc       0%         N/A       75%         3
 Tukima's Dance           Hex            0%         N/A       75%         3
 Blade Hands              Tmut           0%         N/A       100%        5


Dungeon Overview and Level Annotations

Branches:
Dungeon (3/15)

Altars:

Annotations:
D:3 Grinder


Innate Abilities, Weirdness & Mutations

You have supernaturally acute eyesight. (SInv)
You are clumsy. (Dex -2)


Message History

You shoot an arrow. The arrow hits the rat!
You kill the rat!
You shoot an arrow. The arrow closely misses Grinder.
Grinder gestures at you.
You suddenly lose the ability to move!
You can move again.
Unknown command.
Unknown command.
You shoot an arrow. The arrow hits Grinder!
Grinder gestures at you.
You are unaffected.
Grinder barely misses you.
You shoot an arrow. The arrow barely misses Grinder.
The arrow hits the orc.
Grinder barely misses you.
You shoot an arrow. The arrow hits Grinder.
Grinder hits you but does no damage.
You shoot an arrow. The arrow closely misses Grinder.
The arrow closely misses the orc.
Grinder hits you.
You shoot an arrow. The arrow hits Grinder!
Grinder hits you.
You writhe in agony.
You shoot an arrow. The arrow closely misses Grinder.
The arrow completely misses the orc.
Grinder hits you.
* * * LOW HITPOINT WARNING * * *
You shoot an arrow. The arrow hits Grinder.
Grinder gestures at you. You resist with some effort.
You shoot an arrow. The arrow hits Grinder!
Grinder closely misses you.
You shoot an arrow.
The arrow hits Grinder but does no damage.
Grinder hits you!
* * * LOW HITPOINT WARNING * * *
You writhe in agony.
* * * LOW HITPOINT WARNING * * *
You shoot an arrow. The arrow hits Grinder.
Grinder misses you.
You shoot an arrow. The arrow barely misses Grinder.
The arrow hits the orc.
Grinder hits you.
* * * LOW HITPOINT WARNING * * *
You shoot an arrow.
The arrow hits Grinder but does no damage.
Grinder hits you!
You die...

......#....#### .# r.
........##...o###.#....#
<............S.........#
#.#.##..#######.##......
#.......# ##.# .?.#
.........# #.##....#
####..#.... #o......#
##.#....) #5#......
#.#..... #@#..#.##
#.....>.. #.# ## #
........ ... .#.## ....#
.< ..# ... ... ### ...#


You could see Grinder and an orc.

Vanquished Creatures
  Sigmund (D:2)
  8 adders
  2 dart slugs (D:1)
  3 orcs (D:3)
  6 ball pythons
  5 bats
  6 endoplasms
  3 giant cockroaches
  5 goblins
  5 hobgoblins
  2 jackals (D:2)
  3 quokkas
  3 frilled lizards
  5 kobolds
  3 rats
60 creatures vanquished.

Notes
Turn   | Place    | Note
-------+----------+-------------------------------------------
     0 | D:1      | theswoord the Deep Elf Hunter began the quest for the Orb.
     0 | D:1      | Reached XP level 1. HP: 12/12 MP: 3/3
    30 | D:1      | Found a faded altar of an unknown god.
   136 | D:1      | Reached skill level 6 in Ranged Weapons
   136 | D:1      | Reached XP level 2. HP: 16/16 MP: 4/4
   438 | D:1      | Reached XP level 3. HP: 20/20 MP: 5/5
   851 | D:2      | Identified the +2 leather armour of Xom's Hope {rN+}
   993 | D:2      | Reached skill level 7 in Ranged Weapons
  1113 | D:2      | Reached XP level 4. HP: 25/25 MP: 6/6
  1374 | D:2      | Noticed Sigmund
  1415 | D:2      | Killed Sigmund
  1416 | D:2      | Reached skill level 9 in Ranged Weapons
  1416 | D:2      | Reached XP level 5. HP: 4/29 MP: 7/7
  1597 | D:3      | Noticed Grinder
  1601 | D:3      | Paralysed by Grinder for 5 turns
  1626 | D:3      | Gained mutation: Armour fits poorly on your strangely
                  | shaped body. [potion of mutation]
  1626 | D:3      | Gained mutation: You occasionally lose the ability to read
                  | scrolls when taking damage. [potion of mutation]
  1626 | D:3      | Gained mutation: You have sharp toenails. [potion of
                  | mutation]
  1626 | D:3      | Gained mutation: You have supernaturally acute eyesight.
                  | (SInv) [potion of mutation]
  1627 | D:3      | Lost mutation: Armour fits poorly on your strangely shaped
                  | body. [potion of mutation]
  1627 | D:3      | Lost mutation: You have sharp toenails. [potion of
                  | mutation]
  1627 | D:3      | Lost mutation: You occasionally lose the ability to read
                  | scrolls when taking damage. [potion of mutation]
  1627 | D:3      | Gained mutation: You are clumsy. (Dex -2) [potion of
                  | mutation]
  1632 | D:3      | Reached XP level 6. HP: 31/34 MP: 8/8
  1643 | D:3      | Paralysed by Grinder for 2 turns
  1655 | D:3      | HP: 1/34 [Grinder (5)]
  1656 | D:3      | Mangled by Grinder

Skill      XL: |  1  2  3  4 |
---------------+-------------+-----
Ranged Weapons | 6 7 9 |  9.7
Fighting       | |  1.5
Dodging        | |  2.4
Stealth        | |  1.2

Action                     |  1- 3 |  4- 6 || total
---------------------------+-------+-------++-------
  Melee: Shortbow          |       |     2 ||     2
   Fire: Shortbow          |    96 |    89 ||   185
    Use: Scroll            |     3 |     4 ||     7
         Potion            |       |     5 ||     5
 Armour: Leather armour    |     7 |    31 ||    38
  Dodge: Dodged            |    20 |    41 ||    61

Levels and vault maps discovered:
D:1:      lemuel_arrival_behind_the_door_small, layout_basic,
          dreamdust_ecumenical_altar_angels_and_demons
D:2:      layout_loops_cross, uniq_sigmund
D:3:      layout_rooms, serial_aquarium, aquarium_bridge_square
          [aquarium_subvault_wall, aquarium_subvault_window,
          aquarium_subvault_wall, aquarium_subvault_bridge],
          aquarium_window_fake, aquarium_window_1, aquarium_view_2f,
          aquarium_balcony_5a, uniq_grinder, uniq_robin
